Map: Golden Wall LE

Players

JohnnyV

  • Race: Terran Terran
  • League: Silver
  • Spawn Location: 7:00

Loraine - Winner!

  • Race: Protoss Protoss
  • League: Platinum
  • Spawn Location: 5:00

VOD

Have the link to the VOD?

Description

Time

  • Played on: May 22, 2020, 10:09 a.m.
  • Length: 4:33
Show
View Real Time Build Order
Export as new Build Order

JohnnyV Terran 

Build Orders:  

Get SALT Encoding   

  12  0:01  SCV  
  13  0:17  Supply Depot  
  13  0:18  SCV  
  14  0:30  Refinery  
  14  0:31  SCV  
  15  0:41  Barracks  
  15  0:46  SCV  
  16  0:58  SCV  
  17  1:14  SCV  
  18  1:21  Refinery  
  18  1:26  SCV  
  18  1:29  Reaper  
  18  1:31  Supply Depot  
  20  1:38  SCV  
  21  1:50  SCV  
  21  1:53  Factory  
  22  2:03  Bunker  
  22  2:16  Barracks Reactor  
  22  2:41  Factory Tech Lab  
  21  2:50  Orbital Command  
  21  2:53  Marine x2  
  23  3:01  Starport  
  23  3:02  Supply Depot  
  23  3:09  Siege Tank  
  23  3:12  Marine x2  
  28  3:39  Marine x2  
  28  4:00  Marine  
  32  4:02  Command Center  
  32  4:16  Engineering Bay  
Show
View Real Time Build Order
Export as new Build Order

Loraine Protoss - Winner!

Build Orders: Dark Templar Rush 

Get SALT Encoding   

  12  0:00  Probe  
  13  0:12  Probe  
  14  0:18  Pylon  
  14  0:25  Probe (Chrono Boost)  
  15  0:37  Probe (Chrono Boost)  
  15  0:39  Gateway  
  16  0:45  Probe (Chrono Boost)  
  17  0:50  Assimilator  
  17  0:52  Probe  
  18  1:00  Assimilator  
  18  1:05  Probe  
  19  1:20  Probe  
  19  1:25  Pylon  
  20  1:27  Cybernetics Core  
  20  1:32  Probe  
  21  1:44  Probe  
  22  1:57  Probe  
  23  2:02  Adept (Chrono Boost)  
  23  2:04  Twilight Council  
  23  2:05  Warp Gate  
  25  2:10  Gateway  
  25  2:22  Gateway  
  25  2:44  Pylon  
  25  2:47  Dark Shrine  
  25  2:54  Robotics Facility  
  25  3:01  Pylon  
  25  3:41  Observer (Chrono Boost)  
  24  4:00  Dark Templar  
  24  4:01  Dark Templar  
  28  4:21  Dark Templar  
Tags
 
Add a new tag
Caveats
  • Supply blocks, unpowered buildings, or Contaminate may cause inaccurate times.
  • Supply counts are checked every 10 seconds.